 Dungeon Crawl Stone Soup version 0.26.1-2-gb8aa6d0cf2 (webtiles) character file.

Game seed: 8843016028777405672

3439 Qrupt the Fighter (level 9, 0/87 HPs)
             Began as a Palentonga Fighter on Mar 13, 2021.
             Was a Believer of Okawaru.
             Slain by an orc warrior
             ... wielding a +0 halberd
              (18 damage)
             ... in a bailey.
             The game lasted 00:14:50 (10078 turns).

Qrupt the Fighter (Palentonga Fighter)             Turns: 10078, Time: 00:14:51

Health: 0/87       AC: 24    Str: 22    XL:     9   Next: 77%
Magic:  9/9        EV:  5    Int:  8    God:    Okawaru [**....]
Gold:   465        SH:  9    Dex: 11    Spells: 8/8 levels left

rFire    . . .     SeeInvis +   u - +2 flail (protect)
rCold    . . .     Faith    .   c - +0 kite shield
rNeg     . . .     Spirit   .   b - +0 scale mail
rPois    .         Reflect  .   e - +0 helmet
rElec    .         Harm     .   (no cloak)
rCorr    .         Rampage  .   y - +0 pair of gloves
Will     .....                  (no barding)
Stlth    ..........             (no amulet)
HPRegen  0.24/turn              (no ring)
MPRegen  0.11/turn              (no ring)

@: mighty, protection aura, very slightly contaminated, invisible, curled up
A: large, rugged brown scales 3, see invisible, deformed body, roll 1, armoured
tail, reflexive curl
a: Rolling Charge, Renounce Religion, Heroism


You were in a bailey.
You worshipped Okawaru.
Okawaru was pleased with you.
You visited 2 branches of the dungeon, and saw 8 of its levels.
You also visited: Bailey.

You collected 465 gold pieces.

Inventory:

Hand Weapons
 a - a +0 flail
 u - a +2 flail of protection (weapon)
Missiles
 D - 30 poisoned darts
Armour
 b - a +0 scale mail (worn)
 c - a +0 kite shield (worn)
 e - a +0 helmet (worn)
 y - a +0 pair of gloves (worn)
Jewellery
 v - a +6 ring of strength
Scrolls
 d - a scroll of random uselessness {unknown}
 f - 2 scrolls of teleportation {unknown}
 g - 2 scrolls of immolation {unknown}
 i - 3 scrolls of enchant weapon {unknown}
 j - 7 scrolls of identify {unknown}
 l - 4 scrolls of remove curse {unknown}
 n - 4 scrolls of magic mapping {unknown}
 o - a scroll of amnesia {unknown}
 p - a scroll of fog {unknown}
 s - 2 scrolls of blinking {unknown}
 w - a scroll of holy word {unknown}
 x - 3 scrolls of fear {unknown}
 A - a scroll of enchant armour {unknown}
Potions
 h - a potion of lignification {unknown}
 k - a potion of cancellation {unknown}
 m - a potion of brilliance {unknown}
 q - a potion of degeneration {unknown}
 r - 2 potions of heal wounds {unknown}
 t - a potion of haste {unknown}
 C - a potion of attraction {unknown}
 E - a potion of curing


   Skills:
 + Level 8.7 Fighting
 + Level 8.3 Maces & Flails
 + Level 7.2 Armour
 - Level 2.4 Shields


You had 8 spell levels left.
You didn't know any spells.
Your spell library contained the following spells:

 Spells                   Type           Power        Failure   Level
 Foxfire                  Conj/Fire      0%           99%         1
 Conjure Flame            Conj/Fire      0%           100%        3
 Inner Flame              Hex/Fire       0%           100%        3
 Sticky Flame             Conj/Fire      0%           100%        4
 Fireball                 Conj/Fire      0%           100%        5


Dungeon Overview and Level Annotations

Branches:
Dungeon (7/15)             Temple (1/1) D:5          Bailey (1/1)

Altars:
Ashenzari
Cheibriados
Dithmenos
Elyvilon
Fedhas
Gozag
Hepliaklqana
Kikubaaqudgha
Makhleb
Nemelex Xobeh
Okawaru
Qazlal
Ru
Sif Muna
Trog
Uskayaw
Vehumet
Wu Jian
Xom
Yredelemnul
Zin
The Shining One

Annotations:
D:6 1 runed translucent door


Innate Abilities, Weirdness & Mutations

You are completely covered in rugged brown scales. (AC +3, +7% HP)
You have supernaturally acute eyesight. (SInv)
Armour fits poorly on your strangely shaped body.
You can roll at nearby foes to attack.
You have a long armoured tail.
You curl defensively after being hit.


Message History

You feel very mighty all of a sudden.
The orc warrior splashes around in the water.
You block the orc warrior's attack.
You closely miss the orc warrior.
The orc warrior is heavily wounded.
The orc warrior hits you but does no damage.
You catch the helpless orc warrior completely off-guard!
You hit the orc warrior but do no damage.
The orc warrior is heavily wounded.
The orc warrior splashes around in the water.
You bludgeon the orc warrior!!
You kill the orc warrior!
Okawaru accepts your kill.
You hear a splash. x2; You hear a shout! x2
You closely miss the orc warrior.
Your tail-slap misses the orc warrior.
You barely miss the orc warrior. You block the orc warrior's attack.
You hit the orc warrior. You tail-slap the orc warrior.
The orc warrior is moderately wounded.
The orc warrior hits you with a +0 halberd!!
You die...

#.#≈≈≈≈≈≈≈≈###≈≈≈≈≈≈≈≈#.#≈≈......
≈≈≈≈≈≈≈≈#########≈≈≈≈≈≈≈≈≈≈......
≈(((≈≈≈##≈≈≈≈≈≈≈##≈≈))≈≈≈≈≈......
≈≈≈≈≈≈##≈≈#'#'#≈≈##≈)(≈≈≈≈≈......
≈≈≈(≈≈#≈≈##)#)##≈≈#≈≈(≈≈≈≈≈......
≈≈)((##≈#########≈##≈≈≈≈≈≈≈......
≈≈≈)≈##≈'.#) #)'≈##(≈≈≈≈≈≈......
≈≈)(≈##)###o_ ###≈##≈≈≈≈(≈≈......
≈≈≈≈≈##≈')#.o #)@≈##≈≈≈≈()≈......
≈≈≈≈≈##≈####'####o##≈≈≈≈(≈≈......
≈≈≈≈≈##≈≈##∩?∩##≈≈#≈≈≈≈≈≈≈≈......
≈≈≈≈≈≈≈≈≈##'''#≈≈##≈≈≈(≈≈≈≈......
≈≈≈≈≈≈≈≈≈##≈≈≈o≈##≈≈≈(≈≈≈≈≈......
≈≈≈≈≈≈≈≈≈##≈≈≈≈##≈≈≈(≈≈≈≈≈≈......
#.#≈≈)≈≈≈#######≈≈≈(≈≈#.#≈≈......
#.∩#≈≈≈≈≈≈≈≈≈≈≈≈≈≈≈≈≈#∩.##≈......
.^..≈(≈≈≈≈≈≈≈≈≈≈≈≈≈≈≈..^..≈.....


You could see an orc warrior.

Vanquished Creatures
  Eustachio (D:5)
  The ghost of H0rd4k the Charlatan, an amateur HuAr (D:3)
  A water moccasin (D:6)
  10 orc warriors
  A centaur (D:5)
  3 ogres
  3 big kobolds
  The ghost of Paulthewizard the Gusty, an amateur TeAE (D:3)
  3 bullfrogs
  6 scorpions
  A water moccasin skeleton (D:6)
  A killer bee (D:6)
  A centaur zombie (D:5)
  A hound (D:4)
  2 bullfrog skeletons
  An orc priest (D:6)
  3 orc wizards
  A centaur skeleton (D:5)
  An iguana (D:5)
  12 worker ants
  A howler monkey zombie (D:6)
  3 gnolls
  13 adders
  2 shadow imps
  2 white imps
  2 ufetubi
  2 oozes
  An adder zombie (D:6)
  5 worms
  2 dart slugs
  6 leopard geckos
  33 orcs
  4 giant cockroaches
  11 goblins
  5 hobgoblins
  9 jackals
  5 quokkas
  2 ball pythons
  3 bats
  4 frilled lizards
  20 kobolds
  A leopard gecko skeleton (D:4)
  A leopard gecko zombie (D:6)
  A quokka skeleton (D:6)
  6 rats
198 creatures vanquished.

Vanquished Creatures (others)
  4 bushes (D:5)
4 creatures vanquished.

Grand Total: 202 creatures vanquished

Notes
Turn   | Place    | Note
-------+----------+-------------------------------------------
     0 | D:1      | Qrupt the Palentonga Fighter began the quest for the Orb.
     0 | D:1      | Reached XP level 1. HP: 20/20 MP: 1/1
   510 | D:1      | Reached XP level 2. HP: 27/27 MP: 2/2
  1067 | D:2      | Reached XP level 3. HP: 32/33 MP: 3/3
  1542 | D:2      | Reached XP level 4. HP: 10/42 MP: 4/4
  2429 | D:4      | Reached XP level 5. HP: 29/49 MP: 5/5
  2492 | D:4      | Identified the cursed +1 spear of the Mosquito {protect,
                  | Int+4}
  2868 | D:3      | Found a runed translucent gate.
  2869 | D:3      | Found a runed translucent gate.
  2870 | D:3      | Found a runed translucent gate.
  2872 | D:3      | Noticed Paulthewizard's ghost (amateur TeAE)
  2872 | D:3      | Noticed H0rd4k's ghost (amateur HuAr)
  3448 | D:3      | Killed H0rd4k's ghost
  3449 | D:3      | Reached XP level 6. HP: 50/58 MP: 6/6
  3449 | D:3      | Killed Paulthewizard's ghost
  3521 | D:4      | Reached skill level 5 in Fighting
  3747 | D:4      | Gained mutation: You curl defensively after being hit.
                  | [Palentonga growth]
  3747 | D:4      | Reached XP level 7. HP: 65/65 MP: 7/7
  3766 | D:4      | Found a glowing golden altar of the Shining One.
  3768 | D:4      | Found a bloodstained altar of Trog.
  3768 | D:4      | Found a broken altar of Ashenzari.
  3769 | D:4      | Found a burning altar of Makhleb.
  3769 | D:4      | Found a stormy altar of Qazlal.
  3771 | D:4      | Found a sparkling altar of Nemelex Xobeh.
  4131 | D:5      | Entered Level 5 of the Dungeon
  4283 | D:4      | Reached skill level 5 in Maces & Flails
  4872 | D:5      | Found a blossoming altar of Fedhas.
  5038 | D:5      | Reached skill level 5 in Armour
  5131 | D:5      | Reached XP level 8. HP: 67/74 MP: 8/8
  5535 | D:5      | Found a staircase to the Ecumenical Temple.
  5557 | Temple   | Entered the Ecumenical Temple
  5739 | Temple   | Became a worshipper of Warmaster Okawaru
  5801 | D:5      | Noticed Eustachio
  5831 | D:5      | Killed Eustachio
  6705 | D:6      | Reached * piety under Okawaru
  7119 | D:6      | Found a runed translucent door.
  7157 | D:6      | Found a runed translucent door.
  7238 | D:6      | Reached XP level 9. HP: 84/84 MP: 9/9
  7932 | D:6      | Reached ** piety under Okawaru
  8275 | D:7      | Found a flagged portal.
  8288 | Bailey   | Entered a bailey
 10052 | Bailey   | Found a roughly hewn altar of Beogh.
 10078 | Bailey   | Slain by an orc warrior

Illustrated notes

Levels and vault maps discovered:
D:1:      giann_wishing_wells, layout_basic
D:2:      layout_loops_ring, grunt_ministairs_4, chequers_decorated_corner,
          hangedman_decor_growths, minmay_surrounded
D:3:      layout_basic, gammafunk_ghost_cemetery
D:4:      layout_rooms, grunt_temple_overflow_open
D:5:      layout_loops_ring, minmay_temple_entry_statues_fountains,
          fedhas_bush_and_centaur_altar, uniq_eustachio
D:6:      lemuel_insect_pit, layout_layer_cave
D:7:      layout_basic, enter_bailey_3, lemuel_another_geyser
Temple:   compressed_dpeg_circular_temple
Bailey:   bailey_polearm_2, bailey

Skill      XL: |  1  2  3  4  5  6  7  8  9 |
---------------+----------------------------+-----
Armour         | 3 4 5 6 7 |  7.2
Maces & Flails | 3 4 5 7 8 |  8.3
Fighting       | 4 5 6 7 8 |  8.7
Shields        | |  2.4

Action                   |  1- 3 |  4- 6 |  7- 9 || total
-------------------------+-------+-------+-------++-------
Melee: Flail             |   104 |   167 |   466 ||   737
       Tailslap          |     7 |    15 |    72 ||    94
 Abil: Rolling Charge    |    10 |     1 |     4 ||    15
  Use: Potion            |     2 |     1 |     3 ||     6
 Stab: Invisible         |     1 |       |     1 ||     2
Armor: Scale mail        |    55 |    81 |   286 ||   422
Dodge: Dodged            |    13 |    45 |   112 ||   170
Block: Kite shield       |    38 |    73 |   247 ||   358
